 Dungeon Crawl Stone Soup version 0.24.0-1-gfbc8707122 (webtiles) character file.

Game seed: 9243840996064510672, levelgen mode: deterministic

438 Emblim88 the Archer (level 6, -8/56 HPs)
             Began as a Centaur Hunter on Oct 27, 2019.
             Shot with an arrow by a centaur (17 damage)
             ... on level 4 of the Dungeon.
             The game lasted 00:05:09 (3211 turns).

Emblim88 the Archer (Centaur Hunter)                Turns: 3211, Time: 00:05:10

Health: -8/56      AC:  4    Str: 14    XL:     6   Next: 69%
Magic:  6/6        EV:  9    Int: 10    God:
Gold:   70         SH:  0    Dex: 12    Spells: 5/5 levels left

rFire    . . .     SeeInvis .   a - +1 shortbow
rCold    . . .     Gourm    .   (shield currently unavailable)
rNeg     . . .     Faith    .   c - +0 leather armour
rPois    .         Spirit   .   (no helmet)
rElec    .         Reflect  .   (no cloak)
rCorr    .         Harm     .   (no gloves)
MR       .....                  (no barding)
Stlth    +.........             (no amulet)
HPRegen  0.18/turn              (no ring)
MPRegen  0.10/turn              (no ring)

@: very quick
A: large, hooves 3, deformed body, speed 2, tough skin 3
a: no special abilities


You were on level 4 of the Dungeon.
You were not hungry.

You visited 1 branch of the dungeon, and saw 4 of its levels.

You collected 70 gold pieces.

Inventory:

Hand Weapons
 a - a +1 shortbow (weapon)
 q - a +2 short sword of flaming
Missiles
 d - 17 arrows (quivered)
Armour
 c - a +0 leather armour (worn)
Scrolls
 e - a scroll of remove curse
 g - a scroll of random uselessness
 h - a scroll of noise
 j - 2 scrolls of fog
 n - a scroll of magic mapping
 o - a scroll of enchant armour
 p - 2 scrolls of amnesia
 r - a scroll of immolation
Potions
 i - a potion of ambrosia {unknown}
 k - a potion of lignification
 m - a potion of cancellation
Comestibles
 f - 5 rations


   Skills:
 + Level 5.3 Fighting
 + Level 8.4 Bows
 - Level 1.3 Dodging
 - Level 0.4 Stealth


You had 5 spell levels left.
You didn't know any spells.
Your spell library was empty.

Dungeon Overview and Level Annotations

Branches:
Dungeon (4/15)
 Temple: D:4-7

Altars:
Cheibriados
Okawaru
Trog
Wu Jian

Annotations:
D:4 Ijyb


Innate Abilities, Weirdness & Mutations

You have hooves in place of feet.
Armour fits poorly on your strangely shaped body.
You cover ground very quickly.
You have extremely tough skin. (AC +3)


Message History

* * * LOW HITPOINT WARNING * * *
You see here a dagger.
Firing (i - inventory)
d - 20 arrows (quivered)
Press: ? - help, Shift-Dir - straight line, f/p - ogre
Aim: an ogre, wielding a +0 giant club (severely wounded)
You shoot an arrow. The arrow hits the ogre.
The ogre is severely wounded.
Found a stone staircase leading down.
Firing (i - inventory)
d - 19 arrows (quivered)
Press: ? - help, Shift-Dir - straight line, f/p - ogre
Aim: an ogre, wielding a +0 giant club (severely wounded)
You shoot an arrow. The arrow hits the ogre!
You kill the ogre!
Firing (i - inventory)
d - 18 arrows (quivered)
Press: ? - help, Shift-Dir - straight line, f - centaur
Aim: a centaur, wielding a +0 shortbow You shoot an arrow.
The arrow hits the centaur.
The centaur is moderately wounded.
The centaur shoots an arrow.
The arrow hits you!
You die...

#. #. .. #.####.### .
. .c...(. .#..# #...#
...># #.#<# # #.#.#
#...# #.##.#.#
###(#####
#.#....########(....#
#...@..##..(..(.(.(..
###...###c#####.###.#
##.## #.# #.# .
#.####)# #.# #.c.Oc.#
#.. ######## ###


You could see a centaur.

Vanquished Creatures
  A phantom (D:3)
  An ogre (D:4)
  Blork the orc (D:4)
  An orc priest (D:4)
  2 orc wizards
  3 adders
  An ooze (D:1)
  An adder skeleton (D:4)
  2 dart slugs
  2 leopard geckos (D:1)
  11 orcs
  7 giant cockroaches
  4 hobgoblins
  6 jackals
  A quokka (D:2)
  7 bats
  3 frilled lizards
  10 goblins
  6 kobolds
  3 rats
73 creatures vanquished.

Notes
Turn   | Place    | Note
-------+----------+-------------------------------------------
     0 | D:1      | Emblim88 the Centaur Hunter began the quest for the Orb.
     0 | D:1      | Reached XP level 1. HP: 17/17 MP: 1/1
    82 | D:1      | Reached XP level 2. HP: 25/25 MP: 2/2
   397 | D:1      | Reached skill level 6 in Bows
   397 | D:1      | Reached XP level 3. HP: 20/30 MP: 3/3
  1637 | D:3      | Reached XP level 4. HP: 38/38 MP: 4/4
  1769 | D:3      | Found a bloodstained altar of Trog.
  2106 | D:3      | Reached skill level 7 in Bows
  2488 | D:3      | Found a snail-covered altar of Cheibriados.
  2490 | D:3      | Found an ornate altar of the Wu Jian Council.
  2495 | D:3      | Reached XP level 5. HP: 46/46 MP: 5/5
  2505 | D:3      | Found an iron altar of Okawaru.
  2621 | D:4      | Noticed Blork the orc
  2631 | D:4      | Killed Blork the orc
  2718 | D:4      | Reached XP level 6. HP: 53/53 MP: 6/6
  2726 | D:4      | Noticed Ijyb
  2769 | D:3      | Reached skill level 5 in Fighting
  2769 | D:3      | Reached skill level 8 in Bows
  3211 | D:4      | Shot with an arrow by a centaur

Levels and vault maps discovered:
D:1:      dpeg_arrival_court, layout_loops_ring
D:2:      layout_basic, serial_corexii_hall, chequers_hall_statues_corner_a,
          chequers_hall_statues_corner_a
D:3:      layout_loops_cross, minitemple, lemuel_tele_altar
D:4:      layout_loops_ring, temple_green, serial_shops,
          nicolae_shop_waterfront, gammafunk_ghost_cemetery, minmay_liquid_box,
          uniq_pikel, uniq_ijyb, uniq_blork_the_orc

Skill      XL: |  1  2  3  4  5  6 |
---------------+-------------------+-----
Bows           | 6 7 8 |  8.4
Fighting       | 3 4 5 |  5.3
Dodging        | |  1.3
Stealth        | |  0.4

Action                   |  1- 3 |  4- 6 || total
-------------------------+-------+-------++-------
Melee: Short sword       |       |     8 ||     8
 Fire: Shortbow          |   127 |   118 ||   245
  Use: Scroll            |     7 |     3 ||    10
       Potion            |     1 |     1 ||     2
  Eat: Ration            |       |     2 ||     2
Armor: Leather armour    |    14 |    21 ||    35
Dodge: Dodged            |    14 |    26 ||    40
